 Dungeon Crawl Stone Soup version 0.30-a0-585-g93115170b9 (webtiles) character file.

Game seed: 158347286828072128

27 sokol815 the Sneak (level 3, -4/26 HPs)
             Began as an Octopode Delver on Jan 3, 2023.
             Slain by a wraith (9 damage)
             ... in an ossuary.
             The game lasted 00:00:42 (140 turns).

sokol815 the Sneak (Octopode Delver)                 Turns: 140, Time: 00:00:43

Health: -4/26      AC:  1    Str: 11    XL:     3   Next: 10%
Magic:  3/3        EV: 13    Int: 12    God:
Gold:   0          SH:  0    Dex: 15    Spells: 2/2 levels left

rFire   . . .      SeeInvis .    a - +0 short sword
rCold   . . .      Faith    .    (no shield)
rNeg    . . .      Spirit   .    (helmet restricted)
rPois   .          Reflect  .    (no amulet)
rElec   .          Harm     .    (no ring)
rCorr   .          Rampage  .    (no ring)
Will    .....                    (no ring)
Stlth   ++++                     (no ring)
HPRegen 0.24/turn                (no ring)
MPRegen 0.08/turn                (no ring)
                                 (no ring)
                                 (no ring)

@: hasted and slowed
A: almost no armour, amphibious, 8 rings, camouflage 1, gelatinous body 1,
(nimble swimmer 1), tentacles
a: no special abilities


You were in an ossuary.
You visited 1 branch of the dungeon, and saw 1 of its levels.
You also visited: Ossuary.

Inventory:

Hand Weapons
 a - a +0 short sword (weapon)
Wands
 d - a wand of digging (3)
Scrolls
 b - a scroll of fog
 c - a scroll of poison {unknown}
 g - a scroll of noise {unknown}
 h - a scroll of immolation {unknown}
 E - a scroll of fear
 X - a scroll of magic mapping {@r4!r}
Potions
 e - a potion of degeneration {unknown}
 f - a potion of ambrosia {unknown}


   Skills:
 - Level 3.0 Fighting
 + Level 3.5 Short Blades
 - Level 2.0 Dodging
 - Level 6.6 Stealth


You had 2 spell levels left.
You didn't know any spells.
Your spell library was empty.

Dungeon Overview and Level Annotations

Branches:
Dungeon (5/15) Zot: 5986  Ossuary (1/1) Zot: 5876
 Temple: D:4-7

Altars:


Innate Abilities, Weirdness & Mutations

You cannot wear most types of armour.
You are amphibious.
You can wear up to eight rings at the same time.
Your skin changes colour to match your surroundings (Stealth+).
Your rubbery body absorbs attacks. (AC +1, EV +1)
((You are camouflaged when in or above water. (Stealth+)))
You have tentacles for arms and can constrict up to eight enemies at once.


Message History

You destroy the gnoll skeleton!
The orc skeleton hits you but does no damage.
Health restored: 21 The orc skeleton closely misses you.
There is an open gate here.
You hit the orc skeleton. You grab the orc skeleton.
You constrict the orc skeleton. You hit the orc skeleton.
You destroy the orc skeleton!
You hit the orc skeleton. You grab the orc skeleton.
You constrict the orc skeleton. The orc skeleton barely misses you.
You hit the orc skeleton but do no damage.
You squeeze the orc skeleton.
You destroy the orc skeleton!
You hit the kobold skeleton. You grab the kobold skeleton.
You squeeze the kobold skeleton. You constrict the kobold skeleton.
You destroy the kobold skeleton!
Your Short Blades skill increases to level 3!
You hit the orc skeleton. You grab the orc skeleton.
You constrict the orc skeleton.
The orc skeleton hits you but does no damage.
You hit the orc skeleton. You constrict the orc skeleton.
You hit the orc skeleton. You squeeze the orc skeleton.
You destroy the orc skeleton!
You hit the orc skeleton. You grab the orc skeleton.
You constrict the orc skeleton. The orc skeleton closely misses you.
You hit the orc skeleton but do no damage.
You constrict the orc skeleton, but do no damage.
You hit the orc skeleton.
You destroy the orc skeleton!
The kobold skeleton barely misses you.
You hit the kobold skeleton. You grab the kobold skeleton.
You constrict the kobold skeleton. The kobold skeleton closely misses you.
You hit the kobold skeleton but do no damage.
You constrict the kobold skeleton.
You destroy the kobold skeleton!
You completely miss the mummy. You grab the mummy. You squeeze the mummy!
You constrict the mummy. The mummy closely misses you.
You barely miss the mummy.
You constrict the mummy, but do no damage.
You hit the mummy.
You constrict the mummy, but do no damage.
The mummy barely misses you.
You hit the mummy but do no damage. You constrict the mummy.
The mummy barely misses you.
You hit the mummy.
You destroy the mummy!
You have reached level 3!
Your experience leads to an increase in your attributes!
Increase (s)trength, (i)ntelligence, or (d)exterity?
You feel agile. x2
Health restored: 26; MP restored: 3
There is an open gate here.
You hit the orc skeleton. You grab the orc skeleton.
You constrict the orc skeleton.
You hit the orc skeleton but do no damage.
You squeeze the orc skeleton.
You destroy the orc skeleton!
No target in view!
You open the door.
There is an open door here.
c - a scroll labelled DOIFRI YZUSEAPS
e - a dark potion
f - a fizzy dark potion
g - a scroll labelled LOEGGO UGUADD
There is an open door here.
You open the door.
There is an open door here.
h - a scroll labelled QYCODGH JIHAE
There is an open door here.
You open the gate.
There is an open gate here.
You open the door.
There is an open door here.
You open the door.
A wraith is nearby!
There is an open door here.
The wraith hits you! The wraith drains your vigour!
You feel yourself slow down.
You take 8 damage, and have 18/26 hp.
MASSIVE DAMAGE!!
You hit the wraith. You squeeze the wraith. The wraith hits you.
The wraith drains your vigour!
You feel as though you will be slow longer.
You take 5 damage, and have 13/26 hp.
You are too injured to fight recklessly!
Unknown command.
You are too injured to fight recklessly!
You closely miss the wraith.
You squeeze the wraith, but do no damage.
The wraith hits you. The wraith drains your vigour!
You feel as though you will be slow longer.
You take 1 damage, and have 12/26 hp.
You hit the wraith. You squeeze the wraith. The wraith hits you!
* * * LOW HITPOINT WARNING * * *
You take 8 damage, and have 4/26 hp.
MASSIVE DAMAGE!!
You feel yourself speed up. The wraith completely misses you.
The wraith hits you!
You die...

### ### ##.. ..##
#...#####...##
..##...##...## .
##.???.##...# ..
#.!!??..#...+
...##.!W!.##...#
#...##.@.##...#
#...##'##...# .
##.........##...
..#####'#####....
.................
.................
######'''########
####...####
#..'...'..#


You could see a wraith.

Vanquished Creatures
  A mummy (Ossuary)
  A gnoll (D:5)
  A gnoll skeleton (Ossuary)
  2 kobold skeletons (Ossuary)
  6 orc skeletons (Ossuary)
11 creatures vanquished.

Notes
Turn   | Place    | Note
-------+----------+-------------------------------------------
     0 | D:5      | sokol815 the Octopode Delver began the quest for the Orb.
     0 | D:5      | Reached XP level 1. HP: 16/16 MP: 1/1
     8 | D:5      | Noticed a gnoll bouda
    10 | D:5      | Reached XP level 2. HP: 13/21 MP: 2/2
    14 | Ossuary  | Entered an ossuary
    14 | Ossuary  | Noticed a wraith
    14 | Ossuary  | Noticed a wraith
    14 | Ossuary  | Noticed a wraith
    70 | Ossuary  | Reached skill level 3 in Short Blades
    83 | Ossuary  | Reached XP level 3. HP: 26/26 MP: 3/3
   127 | Ossuary  | Noticed a wraith
   139 | Ossuary  | HP: 4/26 [wraith (8)]
   140 | Ossuary  | Slain by a wraith

Illustrated notes

Levels and vault maps discovered:
D:5:      layout_basic, minmay_temple_entry_wispy, enter_ossuary_3,
          nicolae_eternal_life
Ossuary:  ossuary_due_mausoleum

Skill      XL: |  1  2 |
---------------+-------+-----
Short Blades   | 3 |  3.5
Fighting       | |  3.0
Dodging        | |  2.0
Stealth        | |  6.6

Action                   || total
-------------------------++-------
Melee: Short sword       ||    33
       Tentacles         ||    11
       Constrict         ||    11
  Use: Potion            ||     1
Armor: Skin              ||     3
Dodge: Dodged            ||    15

Table legend: (Time is in decaauts)
 A = Elapsed time spent in this place.
 B = Non-inter-level travel time spent in this place.
 C = Inter-level travel time spent in this place.
 D = Time resting spent in this place.
 E = Time spent auto-exploring this place.
 F = Levels seen in this place.
 G = Mean time per level.
                   A        B        C        D        E       F      G
               +--------+--------+--------+--------+--------+-----+--------+
         Total |    136 |    136 |      0 |     29 |     43 |   2 |   68.0 |
       Dungeon |     13 |     13 |      0 |      0 |      0 |   1 |   13.0 |
       Ossuary |    122 |    122 |      0 |     29 |     43 |   1 |  122.0 |
               +--------+--------+--------+--------+--------+-----+--------+

Top non-repeatable levels by time:
 Ossuary: 122 daAuts
     D:5: 13 daAuts

Table legend:
 A = Kills in this place as a percentage of kills in entire the game.
 B = Kills by you in this place as a percentage of kills by you in the entire game.
 C = Kills by friends in this place as a percentage of kills by friends in the entire game.
 D = Other kills in this place as a percentage of other kills in the entire game.
 E = Experience gained in this place as a percentage of experience gained in the entire game.
 F = Experience gained in this place divided by the number of levels of this place that you have seen.
                   A       B       C       D       E      F
               +-------+-------+-------+-------+-------+----------------------
         Total | 100.0 | 100.0 |   N/A |   N/A | 100.0 |  19.5
       Dungeon |   9.1 |   9.1 |   N/A |   N/A |  35.9 |  14.0
       Ossuary |  90.9 |  90.9 |   N/A |   N/A |  64.1 |  25.0
               +-------+-------+-------+-------+-------+----------------------
